%YAML 1.1
%TAG !u! tag:unity3d.com,2011:
--- !u!95 &7471321039345248263
Animator:
  serializedVersion: 3
  m_ObjectHideFlags: 0
  m_CorrespondingSourceObject: {fileID: 0}
  m_PrefabInstance: {fileID: 0}
  m_PrefabAsset: {fileID: 0}
  m_GameObject: {fileID: 3396438703148458545}
  m_Enabled: 1
  m_Avatar: {fileID: 0}
  m_Controller: {fileID: 9100000, guid: 5265490c863e94b91b574b97c99bfdfd, type: 2}
  m_CullingMode: 0
  m_UpdateMode: 0
  m_ApplyRootMotion: 0
  m_LinearVelocityBlending: 0
  m_WarningMessage: 
  m_HasTransformHierarchy: 1
  m_AllowConstantClipSamplingOptimization: 1
  m_KeepAnimatorControllerStateOnDisable: 0
--- !u!1 &7896059364120074861
GameObject:
  m_ObjectHideFlags: 0
  m_CorrespondingSourceObject: {fileID: 0}
  m_PrefabInstance: {fileID: 0}
  m_PrefabAsset: {fileID: 0}
  serializedVersion: 6
  m_Component:
  - component: {fileID: 7896059364120074857}
  - component: {fileID: 7896059364120074856}
  - component: {fileID: 7896059364120074858}
  - component: {fileID: 7896059364120074863}
  - component: {fileID: 7896059364120074862}
  - component: {fileID: 7896059364120074859}
  m_Layer: 0
  m_Name: UpdateManananggal
  m_TagString: Enemy
  m_Icon: {fileID: 0}
  m_NavMeshLayer: 0
  m_StaticEditorFlags: 0
  m_IsActive: 1
--- !u!4 &7896059364120074857
Transform:
  m_ObjectHideFlags: 0
  m_CorrespondingSourceObject: {fileID: 0}
  m_PrefabInstance: {fileID: 0}
  m_PrefabAsset: {fileID: 0}
  m_GameObject: {fileID: 7896059364120074861}
  m_LocalRotation: {x: 0, y: 0, z: 0, w: 1}
  m_LocalPosition: {x: 4.68, y: 1, z: 0}
  m_LocalScale: {x: 2, y: 2, z: 2}
  m_Children:
  - {fileID: 2623702672393189515}
  m_Father: {fileID: 0}
  m_RootOrder: 0
  m_LocalEulerAnglesHint: {x: 0, y: 0, z: 0}
--- !u!54 &7896059364120074856
Rigidbody:
  m_ObjectHideFlags: 0
  m_CorrespondingSourceObject: {fileID: 0}
  m_PrefabInstance: {fileID: 0}
  m_PrefabAsset: {fileID: 0}
  m_GameObject: {fileID: 7896059364120074861}
  serializedVersion: 2
  m_Mass: 1
  m_Drag: 0
  m_AngularDrag: 0.05
  m_UseGravity: 0
  m_IsKinematic: 1
  m_Interpolate: 0
  m_Constraints: 0
  m_CollisionDetection: 0
--- !u!195 &7896059364120074858
NavMeshAgent:
  m_ObjectHideFlags: 0
  m_CorrespondingSourceObject: {fileID: 0}
  m_PrefabInstance: {fileID: 0}
  m_PrefabAsset: {fileID: 0}
  m_GameObject: {fileID: 7896059364120074861}
  m_Enabled: 1
  m_AgentTypeID: 0
  m_Radius: 0.5
  m_Speed: 3.5
  m_Acceleration: 8
  avoidancePriority: 50
  m_AngularSpeed: 120
  m_StoppingDistance: 2
  m_AutoTraverseOffMeshLink: 1
  m_AutoBraking: 1
  m_AutoRepath: 1
  m_Height: 2
  m_BaseOffset: -2
  m_WalkableMask: 4294967295
  m_ObstacleAvoidanceType: 4
--- !u!136 &7896059364120074863
CapsuleCollider:
  m_ObjectHideFlags: 0
  m_CorrespondingSourceObject: {fileID: 0}
  m_PrefabInstance: {fileID: 0}
  m_PrefabAsset: {fileID: 0}
  m_GameObject: {fileID: 7896059364120074861}
  m_Material: {fileID: 0}
  m_IsTrigger: 0
  m_Enabled: 1
  m_Radius: 0.7
  m_Height: 4
  m_Direction: 1
  m_Center: {x: 0, y: 3, z: 0}
--- !u!114 &7896059364120074862
MonoBehaviour:
  m_ObjectHideFlags: 0
  m_CorrespondingSourceObject: {fileID: 0}
  m_PrefabInstance: {fileID: 0}
  m_PrefabAsset: {fileID: 0}
  m_GameObject: {fileID: 7896059364120074861}
  m_Enabled: 1
  m_EditorHideFlags: 0
  m_Script: {fileID: 11500000, guid: fad13499995f8402c846da75b3103ac9, type: 3}
  m_Name: 
  m_EditorClassIdentifier: 
  anim: {fileID: 7471321039345248263}
  player: {fileID: 0}
  currentState:
    name: 0
--- !u!114 &7896059364120074859
MonoBehaviour:
  m_ObjectHideFlags: 0
  m_CorrespondingSourceObject: {fileID: 0}
  m_PrefabInstance: {fileID: 0}
  m_PrefabAsset: {fileID: 0}
  m_GameObject: {fileID: 7896059364120074861}
  m_Enabled: 1
  m_EditorHideFlags: 0
  m_Script: {fileID: 11500000, guid: ba0a85c39e6d140068facc081d4385df, type: 3}
  m_Name: 
  m_EditorClassIdentifier: 
  EnemyTypeSO: {fileID: 11400000, guid: eb131e2f5325545f28259f8af00a25bb, type: 2}
  skillCD: 20
  specialCD: 30
  stunThreshold: 0
  locationAlerted: {x: 0, y: 0, z: 0}
--- !u!1001 &2586186384557498208
PrefabInstance:
  m_ObjectHideFlags: 0
  serializedVersion: 2
  m_Modification:
    m_TransformParent: {fileID: 7896059364120074857}
    m_Modifications:
    - target: {fileID: -8679921383154817045, guid: 6afe1cf8af6aa5149927966af4fcfa30,
        type: 3}
      propertyPath: m_LocalPosition.x
      value: 0
      objectReference: {fileID: 0}
    - target: {fileID: -8679921383154817045, guid: 6afe1cf8af6aa5149927966af4fcfa30,
        type: 3}
      propertyPath: m_LocalPosition.y
      value: 0
      objectReference: {fileID: 0}
    - target: {fileID: -8679921383154817045, guid: 6afe1cf8af6aa5149927966af4fcfa30,
        type: 3}
      propertyPath: m_LocalPosition.z
      value: 0
      objectReference: {fileID: 0}
    - target: {fileID: -8679921383154817045, guid: 6afe1cf8af6aa5149927966af4fcfa30,
        type: 3}
      propertyPath: m_LocalRotation.x
      value: 0
      objectReference: {fileID: 0}
    - target: {fileID: -8679921383154817045, guid: 6afe1cf8af6aa5149927966af4fcfa30,
        type: 3}
      propertyPath: m_LocalRotation.y
      value: 0
      objectReference: {fileID: 0}
    - target: {fileID: -8679921383154817045, guid: 6afe1cf8af6aa5149927966af4fcfa30,
        type: 3}
      propertyPath: m_LocalRotation.z
      value: 0
      objectReference: {fileID: 0}
    - target: {fileID: -8679921383154817045, guid: 6afe1cf8af6aa5149927966af4fcfa30,
        type: 3}
      propertyPath: m_LocalRotation.w
      value: 1
      objectReference: {fileID: 0}
    - target: {fileID: -8679921383154817045, guid: 6afe1cf8af6aa5149927966af4fcfa30,
        type: 3}
      propertyPath: m_RootOrder
      value: 0
      objectReference: {fileID: 0}
    - target: {fileID: -8679921383154817045, guid: 6afe1cf8af6aa5149927966af4fcfa30,
        type: 3}
      propertyPath: m_LocalEulerAnglesHint.x
      value: 0
      objectReference: {fileID: 0}
    - target: {fileID: -8679921383154817045, guid: 6afe1cf8af6aa5149927966af4fcfa30,
        type: 3}
      propertyPath: m_LocalEulerAnglesHint.y
      value: 0
      objectReference: {fileID: 0}
    - target: {fileID: -8679921383154817045, guid: 6afe1cf8af6aa5149927966af4fcfa30,
        type: 3}
      propertyPath: m_LocalEulerAnglesHint.z
      value: 0
      objectReference: {fileID: 0}
    - target: {fileID: 919132149155446097, guid: 6afe1cf8af6aa5149927966af4fcfa30,
        type: 3}
      propertyPath: m_Name
      value: Manananggal_UpperBody
      objectReference: {fileID: 0}
    m_RemovedComponents: []
  m_SourcePrefab: {fileID: 100100000, guid: 6afe1cf8af6aa5149927966af4fcfa30, type: 3}
--- !u!1 &3396438703148458545 stripped
GameObject:
  m_CorrespondingSourceObject: {fileID: 919132149155446097, guid: 6afe1cf8af6aa5149927966af4fcfa30,
    type: 3}
  m_PrefabInstance: {fileID: 2586186384557498208}
  m_PrefabAsset: {fileID: 0}
--- !u!4 &2623702672393189515 stripped
Transform:
  m_CorrespondingSourceObject: {fileID: -8679921383154817045, guid: 6afe1cf8af6aa5149927966af4fcfa30,
    type: 3}
  m_PrefabInstance: {fileID: 2586186384557498208}
  m_PrefabAsset: {fileID: 0}
